 Dungeon Crawl Stone Soup version 0.19-a0-1571-g5ccf90f (webtiles) character file.

116 towersofbeng the Chopper (level 5, -2/46 HPs)
             Began as a Hill Orc Fighter on Sept 15, 2016.
             Was a Follower of Trog.
             Slain by a gnoll
             ... wielding a +0 club
              (5 damage)
             ... on level 3 of the Dungeon.
             The game lasted 00:03:37 (1653 turns).

towersofbeng the Chopper (Hill Orc Fighter)         Turns: 1653, Time: 00:03:37

Health: -2/46      AC:  6    Str: 20    XL:     5   Next: 0%
Magic:  5/5        EV:  7    Int:  8    God:    Trog [*.....]
Gold:   145        SH:  9    Dex: 13    Spells: 0 memorised, 4 levels left

rFire  . . .     SeeInvis .     a - +0 war axe
rCold  . . .     Gourm    .     b - +0 scale mail
rNeg   . . .     Faith    .     c - +0 shield
rPois  .         Spirit   .     (no helmet)
rElec  .         Dismiss  .     (no cloak)
rCorr  .         Reflect  .     (no gloves)
MR     .....     Harm     .     (no boots)
Stlth  ..........               m - amulet of rage
                                (no ring)
                                e - +3 ring of dexterity

@: flying
A: no striking features
a: Berserk, Burn Spellbooks, Renounce Religion, Evoke Berserk Rage


You were on level 3 of the Dungeon.
You worshipped Trog.
Trog was aware of your devotion.
You were not hungry.

You visited 1 branch of the dungeon, and saw 3 of its levels.

You collected 145 gold pieces.

Inventory:

Hand Weapons
 a - a +0 war axe (weapon)
Armour
 b - a +0 scale mail (worn)
 c - a +0 shield (worn)
Jewellery
 e - a +3 ring of dexterity (left hand)
 l - an uncursed amulet of faith
 m - an amulet of rage (around neck)
 q - an uncursed ring of wizardry
Wands
 s - a wand of slowing (16/48)
Scrolls
 h - 3 scrolls of identify {unknown}
 j - a scroll of teleportation {unknown}
 k - a scroll of remove curse {unknown}
 r - a scroll of fog {unknown}
Potions
 d - 2 potions of might
 n - 2 potions of curing {unknown}
Comestibles
 f - 2 bread rations
 i - 2 meat rations
 o - 7 chunks of flesh
 p - a beef jerky


   Skills:
 + Level 4.2 Fighting
 + Level 4.7 Axes
 + Level 3.6 Armour
 + Level 0.5 Dodging
 + Level 4.1 Shields


You had 4 spell levels left.
You didn't know any spells.

Dungeon Overview and Level Annotations

Branches:
Dungeon (3/15)

Altars:
Ashenzari
Trog


Message History

You feel stronger. You block the gnoll's attack.
You closely miss the gnoll. You block the gnoll's attack.
You closely miss the gnoll. You block the gnoll's attack.
You completely miss the gnoll. The gnoll barely misses you.
You barely miss the gnoll. The gnoll completely misses you.
You barely miss the gnoll. The gnoll hits you with a club.
* * * LOW HITPOINT WARNING * * *
You block the gnoll's attack.
You slash the gnoll!
The gnoll is severely wounded.
The gnoll hits you with a club!
* * * LOW HITPOINT WARNING * * *
Your shield and scale mail prevent you from hitting the gnoll.
The gnoll is severely wounded.
The gnoll hits you but does no damage.
It was a potion of flight.
You feel very buoyant.
You fly up into the air.
The gnoll hits you with a club.
You die...

#..... #..... #.....
#..... #..... #.....
#..... ################
#..... ......g@..?....#
#.....
..#...#)).#...##########
..........(.............
..#...#...#...##########
.......$.......#
################


You could see a gnoll.

Vanquished Creatures
  3 gnolls (D:3)
  4 worms
  5 dart slugs
  A leopard gecko (D:1)
  2 orcs (D:3)
  6 giant cockroaches
  9 goblins
  2 hobgoblins
  3 jackals (D:2)
  8 kobolds
  2 quokkas (D:2)
  7 bats
  6 frilled lizards
  9 rats
67 creatures vanquished.

Notes
Turn   | Place    | Note
-------+----------+-------------------------------------------
     0 | D:1      | towersofbeng the Hill Orc Fighter began the quest for the Orb.
     0 | D:1      | Reached XP level 1. HP: 19/19 MP: 1/1
    78 | D:1      | Reached XP level 2. HP: 24/27 MP: 2/2
   280 | D:1      | Reached XP level 3. HP: 33/33 MP: 3/3
   712 | D:2      | Found a bloodstained altar of Trog.
   717 | D:2      | Became a worshipper of Trog the Wrathful
  1371 | D:2      | Reached XP level 4. HP: 36/40 MP: 4/4
  1457 | D:2      | Reached * piety under Trog
  1558 | D:3      | Found a shattered altar of Ashenzari.
  1645 | D:3      | Reached XP level 5. HP: 10/46 MP: 5/5
  1653 | D:3      | Slain by a gnoll

Vault maps used:
D:1:      kennysheep_arrival_forest
D:2:      lightli_temple_of_fire
D:3:      evilmike_ruin_ashenzari, lemuel_coloured_pillars_altar, first_bread

Skill      XL: |  1  2  3  4 |
---------------+-------------+-----
Axes           | 3 4 |  4.7
Fighting       | 4 |  4.2
Shields        | 4 |  4.1
Armour         | |  3.6
Dodging        | |  0.5

Action                   |  1- 3 |  4- 6 || total
-------------------------+-------+-------++-------
Melee: War axe           |   150 |    61 ||   211
  Use: Potion            |       |     1 ||     1
  Eat: Chunk             |     1 |     2 ||     3
Armor: Scale mail        |   109 |    19 ||   128
Dodge: Dodged            |    66 |    14 ||    80
Block: Shield            |   103 |    34 ||   137
